 Dungeon Crawl Stone Soup version 0.31-a0-801-gc67433417a (webtiles) character file.

Game seed: 12689173561191471019

494 Ivernyr the Slasher (level 7, -2/36 HPs)
             Began as a Vine Stalker Gladiator on Sept 20, 2023.
             Slain by a black bear (5 damage)
             ... on level 5 of the Dungeon.
             The game lasted 00:07:18 (3917 turns).

Ivernyr the Slasher (Vine Stalker Gladiator)        Turns: 3917, Time: 00:07:18

Health: -2/36      AC: -3    Str: 24    XL:     7   Next: 15%
Magic:  0/8        EV: 13    Int: 10    God:
Gold:   254        SH:  0    Dex: 17    Spells: 6/6 levels left

rFire   . . .        a - +0 long sword
rCold   . . .        (no shield)
rNeg    . . .        b - +0 leather armour
rPois   +            c - +0 helmet
rElec   .            (no cloak)
rCorr   .            (no gloves)
SInv    .            (no boots)
Will    .....        w - amulet of Esokir {*Corrode rPois Regen+ Str+7 Int+2}
Stlth   +            (no ring)
HPRegen 1.86/turn    (no ring)
MPRegen 0.11/turn

%: corrode self (3%), guardian spirit
@: corroded
A: fangs 2, regeneration 1, magic shield, antimagic bite, no potion heal 2
a: no special abilities


You were on level 5 of the Dungeon.
You visited 1 branch of the dungeon, and saw 5 of its levels.

You collected 254 gold pieces.

Inventory:

Hand Weapons
 a - a +0 long sword (weapon)
Missiles
 d - 3 throwing nets (quivered)
 e - 5 javelins
 r - 7 silver javelins
Armour
 b - a +0 leather armour (worn)
 c - a +0 helmet (worn)
Jewellery
 w - the amulet of Esokir (around neck) {*Corrode rPois Regen+ Str+7 Int+2}
   (You found it on level 5 of the Dungeon)

   [amulet of regeneration]

   Str+7:     It affects your strength (+7).
   Int+2:     It affects your intelligence (+2).
   rPois:     It protects you from poison Regen+: It increases your rate of
   health regeneration.
   *Corrode:  It may corrode you when you take damage.
 x - a +6 ring of intelligence
Wands
 o - a wand of mindburst (20)
Scrolls
 f - a scroll of amnesia {unknown}
 h - 7 scrolls of identify {unknown}
 l - a scroll of teleportation {unknown}
 m - a scroll of vulnerability {unknown}
 n - a scroll of revelation {unknown}
 s - 2 scrolls of noise {unknown}
 u - a scroll of enchant weapon {unknown}
Potions
 g - 2 potions of curing
 i - a potion of brilliance {unknown}
 j - 2 potions of heal wounds {unknown}
 k - a potion of enlightenment {unknown}
 p - 2 potions of lignification {unknown}
 q - a potion of haste {unknown}
 t - a potion of degeneration {unknown}
 v - 2 potions of berserk rage {unknown}


   Skills:
 + Level 3.4 Fighting
 * Level 5.0 Long Blades
 - Level 1.7 Throwing
 + Level 2.4 Armour
 + Level 3.5 Dodging


You had 6 spell levels left.
You didn't know any spells.
Your spell library contained the following spells:

 Spells                   Type           Power      Damage    Failure   Level
 Sting                    Tmut/Pois      0%         1d3       41%         1
 Poisonous Vapours        Pois/Air       0%         N/A       54%         2
 Ignite Poison            Fire/Tmut/Pois 0%         N/A       78%         3
 Olgreb's Toxic Radiance  Pois           0%         N/A       99%         4
 Sticky Flame             Conj/Fire      0%         2d3       99%         4
 Ignition                 Fire           0%         3d3       100%        8


Dungeon Overview and Level Annotations

Branches:
Dungeon (5/15)
 Temple: D:4-7

Altars:

Shops:
D:5 :


Innate Abilities, Weirdness & Mutations

You have extremely sharp teeth.
Your natural rate of healing is unusually fast.
When hurt, damage is shared between your health and your magic reserves.
Your bite disrupts and absorbs the magic of your enemies.
Potions cannot restore your health.


Message History

The black bear is moderately wounded.
The black bear bites you. The black bear claws you. x2
You hit the black bear. You bite the black bear. You drain its power.
You feel invigorated.
The black bear is heavily wounded.
The black bear misses you. The black bear claws you. x2
* * * LOW HITPOINT WARNING * * *
The black bear bites you!
* * * LOW HITPOINT WARNING * * *
The black bear barely misses you. The black bear misses you.
The black bear attacks as it pursues you!
The black bear misses you. The black bear closely misses you.
The black bear claws you.
The black bear attacks as it pursues you!
The black bear barely misses you. The black bear claws you.
Your corrosive artefact corrodes you!
The black bear claws you.
* * * LOW HITPOINT WARNING * * *
You see here an iguana corpse.
The black bear attacks as it pursues you!
The black bear misses you. The black bear closely misses you. x2
The black bear attacks as it pursues you!
The black bear bites you. The black bear claws you.
* * * LOW HITPOINT WARNING * * *
The black bear completely misses you.
The black bear attacks as it pursues you!
The black bear bites you!
* * * LOW HITPOINT WARNING * * *
The black bear claws you.
* * * LOW HITPOINT WARNING * * *
The black bear closely misses you.
The black bear attacks as it pursues you!
The black bear closely misses you. The black bear claws you.
* * * LOW HITPOINT WARNING * * *
The black bear claws you.
* * * LOW HITPOINT WARNING * * *
There is an open door here.
It was a potion of curing.
That felt strangely inert.
The black bear bites you.
* * * LOW HITPOINT WARNING * * *
The black bear barely misses you. The black bear claws you.
You die...

#............#..........
#....##......##.......).
#....######+###.........
#.......................
######...........##...##..##
#...##...##......###########
######...#######.................
...............#.................
...............h@.......†........
.......†......##########)..##..##
....##...##...##....####...##..##
....############...........#.....
.....# #............#..... .....#
#............#..... .....#
#..<.........#..... .[...#
#............#..... ....##
##....##...####...#


You could see a black bear.

Vanquished Creatures
  4 jellies
  2 hounds (D:5)
  2 iguanas (D:5)
  An orc wizard (D:5)
  6 gnolls
  4 adders
  An ufetubus (D:5)
  2 worms
  3 dart slugs
  13 orcs
  7 ball pythons
  9 endoplasms
  2 giant cockroaches (D:2)
  11 hobgoblins
  4 jackals (D:4)
  7 kobolds
  6 quokkas
  6 bats
  A frilled lizard (D:1)
  5 goblins
  A rat (D:3)
97 creatures vanquished.

Notes
Turn   | Place    | Note
-------+----------+-------------------------------------------
     0 | D:1      | Ivernyr the Vine Stalker Gladiator began the quest for the
                  | Orb.
     0 | D:1      | Reached XP level 1. HP: 11/11 MP: 2/2
   105 | D:1      | Reached XP level 2. HP: 15/15 MP: 3/3
   278 | D:1      | Reached skill level 3 in Long Blades
   640 | D:2      | Reached XP level 3. HP: 11/17 MP: 1/4
   964 | D:2      | Reached skill level 1 in Armour
  1431 | D:3      | Reached XP level 4. HP: 23/23 MP: 5/5
  2548 | D:4      | Reached XP level 5. HP: 21/27 MP: 1/6
  2721 | D:4      | Reached skill level 4 in Long Blades
  3276 | D:4      | Reached XP level 6. HP: 26/32 MP: 7/7
  3335 | D:5      | Entered Level 5 of the Dungeon
  3529 | D:5      | Found Hiemurch's Tiny Tomes.
  3578 | D:5      | Reached XP level 7. HP: 23/36 MP: 5/8
  3733 | D:5      | Identified the amulet of Esokir {*Corrode rPois Regen+
                  | Str+7 Int+2}
  3841 | D:5      | Reached skill level 5 in Long Blades
  3917 | D:5      | Slain by a black bear

Illustrated notes

Levels and vault maps discovered:
D:1:      scummos_arrival_star, layout_basic
D:2:      layout_basic
D:3:      layout_loops_corners, corexii_shack, chequers_mini_garden,
          grunt_ministairs_14, kennysheep_generic_room_7
D:4:      layout_gridville, kennysheep_generic_room_5
D:5:      layout_gridville, serial_shops, nicolae_shop_statue_plus,
          nicolae_shop_i_like_small_books_too

Skill      XL: |  1  2  3  4  5  6  7 |
---------------+----------------------+-----
Fighting       | 2 3 |  3.4
Long Blades    | 3 4 5 |  5.0
Armour         | 1 2 |  2.4
Dodging        | 3 |  3.5
Throwing       | |  1.7

Action                     |  1- 3 |  4- 6 |  7- 9 || total
---------------------------+-------+-------+-------++-------
  Melee: Long sword        |    79 |   191 |    29 ||   299
         Bite              |    14 |    45 |    11 ||    70
         Punch             |     1 |     2 |       ||     3
    Use: Potion            |       |       |     1 ||     1
   Stab: Sleeping          |     2 |     2 |       ||     4
 Armour: Leather armour    |    47 |   169 |    39 ||   255
  Dodge: Dodged            |    57 |   159 |    37 ||   253

Table legend: (Time is in decaauts)
 A = Elapsed time spent in this place.
 B = Non-inter-level travel time spent in this place.
 C = Inter-level travel time spent in this place.
 D = Time resting spent in this place.
 E = Time spent auto-exploring this place.
 F = Levels seen in this place.
 G = Mean time per level.
                   A        B        C        D        E       F      G
               +--------+--------+--------+--------+--------+-----+--------+
         Total |   3978 |   3867 |    111 |     22 |   2923 |   5 |  795.6 |
       Dungeon |   3978 |   3867 |    111 |     22 |   2923 |   5 |  795.6 |
               +--------+--------+--------+--------+--------+-----+--------+

Top non-repeatable levels by time:
     D:4: 1007 daAuts
     D:3: 962 daAuts
     D:2: 798 daAuts
     D:1: 614 daAuts
     D:5: 595 daAuts
